 Dungeon Crawl Stone Soup version 0.30-a0-691-g754fce4c43 (webtiles) character file.

Game seed: 16639875619204091363

5238 kae the Transmogrifier (level 10, -1/81 HPs)
             Began as a Demonspawn Transmuter on Jan 19, 2023.
             Was a Follower of Ru.
             Slain by a yak (6 damage)
             ... on level 11 of the Dungeon.
             The game lasted 00:16:04 (10881 turns).

kae the Transmogrifier (Demonspawn Transmuter)     Turns: 10881, Time: 00:16:05

Health: -1/81      AC:  8    Str: 12    XL:     10   Next: 35%
Magic:  0/19       EV: 10    Int: 16    God:    Ru [*.....]
Gold:   523        SH:  0    Dex: 15    Spells: 11/21 levels left

rFire   x . .      SeeInvis .      - Unarmed
rCold   + + +      Faith    .    (shield currently unavailable)
rNeg    . . .      Spirit   +    (body armour currently unavailable)
rPois   +          Reflect  .    (helmet currently unavailable)
rElec   .          Harm     .    (cloak currently unavailable)
rCorr   .          Rampage  .    (gloves currently unavailable)
Will    .....                    (boots currently unavailable)
Stlth   +                        g - amulet of regeneration
HPRegen 1.13/turn                (no ring)
MPRegen 0.32/turn                (no ring)

@: ice-form, unable to drink
A: freezing attack, amphibious, boosted hp, large, (claws 2), rugged brown
scales 2, demonic guardian 1, magic shield, magic regeneration, inability to
drink after injury 2
a: End Transformation, Renounce Religion


You were on level 11 of the Dungeon.
You worshipped Ru.
Ru was aware of your devotion.
You were a creature of crystalline ice.
You visited 2 branches of the dungeon, and saw 12 of its levels.

You collected 549 gold pieces.
You spent 26 gold pieces at shops.


Innate Abilities, Weirdness & Mutations

You are a creature of crystalline ice.
You have a powerful freezing melee attack.
You are amphibious.
Your maximum health is increased.
Your armour is entirely melded.
You are incapable of wielding weapons or throwing items.
((You have very sharp fingernails.))
(You are mostly covered in rugged brown scales. (AC +2, +5% HP))
A weak demonic guardian rushes to your aid.
When hurt, damage is shared between your health and your magic reserves.
You regenerate magic rapidly.
You sometimes lose the ability to drink potions when taking damage.


   Skills:
 - Level 1.0 Fighting
 - Level 1.7 Dodging
 + Level 6.5 Unarmed Combat
 + Level 6.2 Spellcasting
 * Level 8.8 Transmutations
 * Level 7.2 Ice Magic
 - Level 1.5 Poison Magic


You had 11 spell levels left.
You knew the following spells:

 Your Spells              Type           Power      Damage    Failure   Level
a - Beastly Appendage     Tmut           66%        N/A       1%          1
b - Wereblood             Tmut           33%        N/A       1%          2
c - Spider Form           Tmut/Pois      21%        N/A       4%          3
d - Ice Form              Ice/Tmut       30%        N/A       4%          4

Your spell library contained the following spells:

 Spells                   Type           Power      Damage    Failure   Level
 Sting                    Tmut/Pois      84%        1d7       1%          1
 Ignite Poison            Fire/Tmut/Pois 15%        N/A       10%         3
 Poisonous Vapours        Pois/Air       14%        N/A       16%         2
 Blink                    Tloc           8%         N/A       21%         2
 Lesser Beckoning         Tloc           8%         N/A       21%         2
 Momentum Strike          Conj/Tloc      8%         3d8       21%         2
 Kindle Blastsparks       Fire/Tloc/Air  8%         2d10      38%         3
 Olgreb's Toxic Radiance  Pois           9%         N/A       58%         4
 Anguish                  Hex/Necr       2%         N/A       80%         4
 Freezing Cloud           Conj/Ice/Air   6%         6-21      80%         5
 Simulacrum               Ice/Necr       8%         N/A       99%         6
 Enfeeble                 Hex            2%         N/A       100%        7
 Polar Vortex             Ice            14%        N/A       100%        9

Inventory:

Missiles
 l - 2 boomerangs
 m - 3 javelins
 v - 30 poisoned darts
 z - 86 stones
 C - a throwing net {=f!f}
Armour
 a - a +0 robe (melded)
 w - a +0 helmet (melded)
   (You found it on level 5 of the Dungeon)
 E - a +1 cloak (melded)
   (You found it on level 9 of the Dungeon)
Magical Staves
 q - a staff of fire {!a}
   (You found it on level 3 of the Dungeon)
 r - a staff of poison {!a}
   (You found it on level 3 of the Dungeon)
 H - a staff of air {!a}
   (You found it on level 8 of the Dungeon)
 I - a staff of poison {!a}
   (You found it on level 8 of the Dungeon)
Jewellery
 g - an amulet of regeneration (around neck)
   (You found it on level 7 of the Dungeon)
Wands
 j - a wand of flame (6)
   (You took it off Ijyb on level 4 of the Dungeon)
 B - a wand of roots (3)
   (You found it on level 7 of the Dungeon)
Scrolls
 c - a scroll of torment {!r}
 n - a scroll of teleportation {@r4}
 p - a scroll of vulnerability {!r!r}
 s - 2 scrolls of fog
 y - a scroll of magic mapping {!r}
 A - 2 scrolls of enchant weapon
 D - 3 scrolls of poison {!r}
 G - a scroll of identify {@r1}
Potions
 b - 4 potions of lignification {!q}
 d - 2 potions of heal wounds {@q2}
 e - 3 potions of cancellation
 f - 4 potions of resistance
 h - 5 potions of degeneration {!q}
 i - 2 potions of curing {@q1}
 k - 2 potions of attraction {!q}
 o - a potion of haste {@q3}
 t - 2 potions of mutation {!q}
 u - 2 potions of flight
 x - a potion of might
 F - a potion of magic
 J - a potion of brilliance

Dungeon Overview and Level Annotations

Branches:
Dungeon (11/15) Zot: 26940  Temple (1/1) D:5 Zot: 5861    Lair (0/5) D:8
    Orc (0/2) D:10

Altars:
Ashenzari
Cheibriados
Dithmenos
Fedhas
Gozag
Hepliaklqana
Kikubaaqudgha
Makhleb
Nemelex Xobeh
Okawaru
Qazlal
Ru
Sif Muna
Trog
Uskayaw
Vehumet
Wu Jian
Xom
Yredelemnul

Shops:
D:3 [   D:4 *

Annotations:
D:3 2 runed translucent doors, Stoves66's ghost, amateur DjEE
D:6 exclusion: Edmund
D:8 5 transporters, exclusion: Joseph

#........
+....... #......
##..... .
#.....#+# ..
...#.....#.###...
...........>.....
...#####[.......#
.......YY.......#
........Y.......#
?................
........###.#...#
........# ......
........# ......
......?.# .....
......... ....


You could see 2 yaks.


Message History

Casting: Ice Form (dangerous; 5% risk of failure)
Confirm with . or Enter, or press ? or * to list all spells.
You turn into a creature of crystalline ice.
Your +1 cloak melds into your body.
Your +0 helmet melds into your body.
Your +0 robe melds into your body. 😎 HP[+13] MP[-4]
You now have 81 max hp (+13).
Your hp is fully restored (81).
You lost 4 mp, and now have 15/19 mp.
You can't go down here!
You climb upwards.
The yak barely misses you. The yak gores you!
A demonic guardian appears!
A yak comes into view.
The yak gores you but does no damage. The yak barely misses you.
There is a stone staircase leading down here. 😕 HP[-8]
You take 8 damage, and now have 73/81 hp.
The yak gores you! The yak closely misses you.
The yak gores you but does no damage. The yak gores you!
You feel threatened and lose the ability to drink potions!
Your quasit barely misses the yak.
Your quasit claws the yak but does no damage. x2
You climb downwards.
Your summoned ally is left behind.
You can drink potions again.
There is a stone staircase leading up here. 😕 HP[-8] MP[-3]
You take 8 damage, and now have 65/81 hp.
You lost 3 mp, and now have 12/19 mp.
You hit the yak. You freeze the yak. The yak gores you. x4
You punch the yak! You freeze the yak. The yak barely misses you.
The yak gores you. The yak barely misses you. The yak gores you!
You feel threatened and lose the ability to drink potions! 😮 HP[-16] MP[-4]
You take 16 damage, and now have 49/81 hp.
You lost 4 mp, and now have 8/19 mp.
You are too injured to fight recklessly!
You are too injured to fight recklessly!
You are too injured to fight recklessly!
You are too injured to fight recklessly!
You barely miss the yak. The yak barely misses you. The yak gores you!
The yak gores you.
* * * LOW HITPOINT WARNING * * *
The yak gores you but does no damage. 😨 HP[-9] MP[-1]
You take 9 damage, and now have 40/81 hp.
You lost 1 mp, and now have 7/19 mp.
Unknown command.
You punch the yak! You freeze the yak.
You kill the yak!
The yak gores you but does no damage. The yak closely misses you.
The yak gores you.
* * * LOW HITPOINT WARNING * * *
😨 HP[-1] MP[-1]
You take 1 damage, and now have 39/81 hp.
You lost 1 mp, and now have 6/19 mp.
Unknown command.
The yak barely misses you. The yak gores you!
* * * LOW HITPOINT WARNING * * *
😨 HP[-10] MP[-1]
You take 10 damage, and now have 29/81 hp.
You lost 1 mp, and now have 5/19 mp.
Unknown command.
You hit the yak. You freeze the yak. 😨 HP[+1] MP[+1]
You punch the yak! You freeze the yak. The yak barely misses you.
The yak gores you.
* * * LOW HITPOINT WARNING * * *
You redirect the yak's attack!
The yak gores itself! 😨 HP[-1] MP[-1]
You take 1 damage, and now have 29/81 hp.
You lost 1 mp, and now have 5/19 mp.
Unknown command.
You punch the yak! You freeze the yak.
You kill the yak!
The yak gores you!
* * * LOW HITPOINT WARNING * * *
The yak gores you.
* * * LOW HITPOINT WARNING * * *
😱 HP[-10] MP[-2]
You take 10 damage, and now have 19/81 hp.
You lost 2 mp, and now have 3/19 mp.
You punch the yak! You freeze the yak.
The yak barely misses you. x2 😱 HP[+1] Unknown command.
You hit the yak but do no damage. The yak gores you.
* * * LOW HITPOINT WARNING * * *
The yak gores you.
* * * LOW HITPOINT WARNING * * *
😱 HP[-2] MP[+1]
You take 2 damage, and now have 18/81 hp.
You hit the yak. You freeze the yak. The yak gores you!
* * * LOW HITPOINT WARNING * * *
The yak gores you!
* * * LOW HITPOINT WARNING * * *
😱 HP[-14] MP[-3]
You take 14 damage, and now have 4/81 hp.
You lost 3 mp, and now have 1/19 mp.
Unknown command.
You punch the yak! You freeze the yak. The yak gores you!
You die...

Skill      XL: |  1  2  3  4  5  6  7  8  9 10 |
---------------+-------------------------------+-----
Transmutations | 2 3 4 5 6 8 |  8.8
Unarmed Combat | 3 4 5 6 |  6.5
Spellcasting   | 3 4 5 6 |  6.2
Poison Magic   | 1 |  1.5
Ice Magic      | 1 3 4 6 7 |  7.2
Fighting       | |  1.0
Dodging        | |  1.7

Action                   |  1- 3 |  4- 6 |  7- 9 | 10-12 || total
-------------------------+-------+-------+-------+-------++-------
Melee: Unarmed           |    96 |   137 |   298 |    60 ||   591
       Kick              |    13 |     5 |     1 |       ||    19
       Headbutt          |    11 |     9 |     1 |       ||    21
       Punch             |     1 |     2 |     1 |       ||     4
 Cast: Beastly Appendage |    19 |    16 |     1 |       ||    36
       Spider Form       |     1 |    15 |    21 |       ||    37
       Wereblood         |       |     2 |    11 |     1 ||    14
       Ice Form          |       |       |    18 |     4 ||    22
Invok: Sacrifice Drink   |       |       |     1 |       ||     1
 Abil: End Transformatio |       |       |       |     1 ||     1
Evoke: Wand              |       |       |    10 |     4 ||    14
  Use: Scroll            |     4 |     9 |    11 |     4 ||    28
       Potion            |       |       |     2 |       ||     2
 Stab: Sleeping          |     1 |     1 |       |       ||     2
Armor: Robe              |    23 |    13 |     9 |       ||    45
       Skin              |       |     5 |    79 |    19 ||   103
Dodge: Dodged            |    65 |    87 |   215 |    44 ||   411

Levels and vault maps discovered:
D:1:      wheals_arrival_linesprint, layout_basic, dk_noncrumbling_4
D:2:      layout_loops_cross, hellmonk_ecumenical_altar_heavens_door,
          serial_bayou_lake_a, uniq_sigmund
D:3:      layout_loops_corners, ebering_ghost_disaster_area, serial_shops,
          nicolae_lakefront_shop, minmay_randomly_rotated_circles
D:4:      layout_basic, pdpol_wu_jian_five_deadly_venoms,
          overflow_temple_1_default, serial_shops,
          nicolae_shop_competitors_out_of_business, nicolae_goblin_pals
D:5:      minmay_bubble_buster, layout_basic, nemelex_xobeh_ov_fountains_minmay,
          minmay_temple_entry_enclosed_plants
D:6:      layout_basic, mainiacjoe_overflow_paths, minmay_misc_feat_rugged,
          uniq_edmund
D:7:      layout_basic, fedhas_altar_3, grunt_ministairs_5
D:8:      layout_layer_cave, kiku_gazebo_garden_becter, lair_entry_dummy,
          kennysheep_decorative_pillar, serial_nicolae_subway,
          nicolae_sub_station_crystal, nicolae_sub_station_metal,
          nicolae_sub_station_stone, uniq_joseph
D:9:      layout_basic
D:10:     layout_irregular_city, orc_0_dummy
D:11:     layout_basic, serial_shops, shop_statue
Temple:   regret_index_temple_sphere_string

Notes
Turn   | Place    | Note
-------+----------+-------------------------------------------
     0 | D:1      | kae the Demonspawn Transmuter began the quest for the Orb.
     0 | D:1      | Reached XP level 1. HP: 15/15 MP: 3/3
     0 | D:1      | magus.rc [v1.11.3]
   115 | D:1      | Reached skill level 2 in Transmutations
   116 | D:1      | HP: 3/15 [endoplasm (2)]
   163 | D:1      | Gained mutation: You regenerate magic rapidly. [demonic
                  | ancestry]
   163 | D:1      | Reached XP level 2. HP: 17/21 MP: 3/5
   263 | D:1      | HP: 5/21 [goblin/+0 club (1)]
   581 | D:1      | Reached skill level 3 in Unarmed Combat
  1002 | D:2      | Gained mutation: You are partially covered in rugged brown
                  | scales. (AC +1, +3% HP) [demonic ancestry]
  1002 | D:2      | Reached XP level 3. HP: 8/26 MP: 6/6
  1003 | D:2      | HP: 6/26 [poisoned by an adder]
  1182 | D:2      | Noticed Sigmund
  1356 | D:2      | Learned a level 2 spell: Wereblood
  1360 | D:2      | Learned a level 3 spell: Spider Form
  1445 | D:2      | Identified the +2 spear of Bizifir {venom, Int+5}
  1631 | D:2      | Found a faded altar of an unknown god.
  1750 | D:2      | Killed Sigmund
  1751 | D:2      | Reached skill level 3 in Spellcasting
  1751 | D:2      | Reached skill level 3 in Transmutations
  1751 | D:2      | Reached skill level 1 in Poison Magic
  1751 | D:2      | Gained mutation: You have sharp fingernails. [demonic
                  | ancestry]
  1751 | D:2      | Reached XP level 4. HP: 32/32 MP: 5/8
  1751 | D:2      | Reached XP level 5. HP: 38/38 MP: 5/9
  2262 | D:3      | Found a large runed translucent door.
  2266 | D:3      | Found a large runed translucent door.
  2268 | D:3      | Noticed Stoves66's ghost (amateur DjEE)
  2350 | D:3      | You pick up a book of Maledictions and begin reading...
  2350 | D:3      | You add the spells Anguish and Enfeeble to your library.
  2390 | D:3      | Found Kojyeffe's Antique Armour Shoppe.
  2540 | D:3      | Reached skill level 4 in Transmutations
  2757 | D:3      | Reached XP level 6. HP: 44/44 MP: 10/10
  2769 | D:3      | HP: 8/41 [orc wizard/puff of flame (8)]
  3052 | D:3      | Reached skill level 4 in Unarmed Combat
  3239 | D:3      | Learned a level 4 spell: Ice Form
  3266 | D:4      | Found an ornate altar of the Wu Jian Council.
  3267 | D:4      | Noticed Ijyb
  3269 | D:4      | Noticed Robin
  3290 | D:4      | Killed Ijyb
  3310 | D:4      | Killed Robin
  3637 | D:4      | Found Keextil's General Store.
  3884 | D:4      | Found a sacrificial altar of Ru.
  3898 | D:4      | Became a worshipper of Ru the Awakened
  3906 | D:4      | You add the spells Sting, Poisonous Vapours and Olgreb's
                  | Toxic Radiance to your library.
  4122 | D:4      | Bought a scroll of identify for 26 gold pieces
  4143 | D:5      | Entered Level 5 of the Dungeon
  4164 | D:5      | Found a sparkling altar of Nemelex Xobeh.
  4235 | D:5      | Reached skill level 1 in Ice Magic
  4235 | D:5      | Gained mutation: You have very sharp fingernails. [demonic
                  | ancestry]
  4235 | D:5      | Reached XP level 7. HP: 46/49 MP: 9/12
  4597 | D:5      | You pick up a book of Spatial Translocations and begin
                  | reading...
  4597 | D:5      | You add the spells Blink, Momentum Strike and Lesser
                  | Beckoning to your library.
  4721 | D:5      | Reached skill level 5 in Transmutations
  4726 | D:5      | Reached skill level 2 in Ice Magic
  4734 | D:5      | Reached skill level 4 in Spellcasting
  5020 | D:5      | Found a staircase to the Ecumenical Temple.
  5026 | Temple   | Entered the Ecumenical Temple
  5803 | D:6      | You pick up a book of Ice and begin reading...
  5803 | D:6      | You add the spells Freezing Cloud, Simulacrum and Polar
                  | Vortex to your library.
  5891 | D:6      | Reached skill level 3 in Ice Magic
  5891 | D:6      | Gained mutation: You are mostly covered in rugged brown
                  | scales. (AC +2, +5% HP) [demonic ancestry]
  5891 | D:6      | Reached XP level 8. HP: 48/56 MP: 11/14
  5957 | D:6      | Noticed Edmund
  6279 | D:6      | Reached skill level 6 in Transmutations
  6453 | D:6      | Reached skill level 5 in Unarmed Combat
  6683 | D:6      | Killed Edmund
  6684 | D:6      | Reached skill level 4 in Ice Magic
  6727 | D:7      | Found a blossoming altar of Fedhas.
  7236 | D:7      | HP: 6/56 [gnoll sergeant/+4 spear of freezing (9)]
  7236 | D:7      | HP: 2/56 [gnoll sergeant/+4 spear of freezing (4)]
  7370 | D:7      | HP: 12/67 [gnoll sergeant/+4 spear of freezing (7)]
  7378 | D:7      | HP: 10/67 [gnoll sergeant/+4 spear of freezing (9)]
  7875 | D:7      | Reached skill level 5 in Spellcasting
  7875 | D:7      | Gained mutation: When hurt, damage is shared between your
                  | health and your magic reserves. [demonic ancestry]
  7875 | D:7      | Reached XP level 9. HP: 29/61 MP: 16/16
  8115 | D:8      | Found a staircase to the Lair.
  8122 | D:8      | Found a transporter.
  8127 | D:8      | Found a transporter.
  8163 | D:8      | Found an ancient bone altar of Kikubaaqudgha.
  8190 | D:8      | Reached skill level 5 in Ice Magic
  8190 | D:8      | Gained mutation: You occasionally lose the ability to drink
                  | potions when taking damage. [Ru sacrifice]
  8190 | D:8      | Gained mutation: You sometimes lose the ability to drink
                  | potions when taking damage. [Ru sacrifice]
  8190 | D:8      | Reached * piety under Ru
  8197 | D:8      | Noticed Joseph
  8334 | D:8      | Reached skill level 7 in Transmutations
  8447 | D:8      | HP: 7/73 [Joseph/+2 quarterstaff of speed (13)]
  8676 | D:8      | Identified +0 pearl dragon scales
  8688 | D:8      | a +0 shortbow; +0 pearl dragon scales {rare}; a centaur
                  | corpse
  8731 | D:8      | Found a transporter.
  8732 | D:8      | Found a transporter.
  8733 | D:8      | Found a transporter.
  8736 | D:8      | Found a transporter.
  9719 | D:8      | Killed Joseph
  9720 | D:8      | Reached skill level 6 in Unarmed Combat
  9720 | D:8      | Reached skill level 6 in Ice Magic
  9934 | D:9      | Reached skill level 8 in Transmutations
  9993 | D:9      | HP: 17/73 [yak (11)]
  9994 | D:9      | HP: 8/73 [yak (13)]
 10059 | D:9      | Gained mutation: A weak demonic guardian rushes to your
                  | aid. [demonic ancestry]
 10059 | D:9      | Reached XP level 10. HP: 67/68 MP: 9/18
 10156 | D:9      | Reached skill level 6 in Spellcasting
 10207 | D:9      | HP: 11/68 [troll (10)]
 10207 | D:9      | HP: 4/68 [troll (7)]
 10360 | D:9      | Reached skill level 7 in Ice Magic
 10446 | D:9      | You add the spells Kindle Blastsparks and Ignite Poison to
                  | your library.
 10709 | D:10     | Entered Level 10 of the Dungeon
 10812 | D:10     | Found a staircase to the Orcish Mines.
 10877 | D:11     | HP: 20/81 [yak (10)]
 10880 | D:11     | HP: 4/81 [yak (9)]
 10881 | D:11     | Slain by a yak

Vanquished Creatures
  Joseph (D:8)
  2 trolls
  A hornet (D:9)
  Sigmund (D:2)
  A wyvern (D:9)
  11 yaks
  Edmund (D:6)
  2 water moccasins
  2 ice beasts
  2 orc warriors
  An ogre (D:5)
  2 sky beasts
  2 centaurs
  A kobold brigand (D:7)
  A bullfrog (D:7)
  2 gnoll sergeants
  5 wights
  3 scorpions
  3 hounds
  A jelly (D:5)
  Ijyb (D:4)
  3 iguanas
  8 orc wizards
  Robin (D:4)
  6 gnolls
  11 adders
  An ufetubus (D:5)
  3 worms (D:3)
  3 dart slugs
  27 orcs
  5 bats
  12 endoplasms
  3 giant cockroaches
  12 goblins
  6 hobgoblins
  5 jackals
  3 quokkas
  7 ball pythons
  3 frilled lizards
  16 kobolds
  2 rats (D:3)
183 creatures vanquished.

Vanquished Creatures (others)
  A wight (D:8)
  A plant (D:2)
  4 withered plants (D:8)
6 creatures vanquished.

Grand Total: 189 creatures vanquished

Table legend:
 A = Non-vault XP
 B = Vault XP
 C = Vault XP percentage of total XP
 D = Non-vault monster count
 E = Vault monster count
 F = Vault count percentage of total count
                 A         B        C        D         E       F
            +---------+---------+-------+---------+---------+-------
      Total |    6177 |    1307 |  17.5 |     155 |      29 |  15.8
            +---------+---------+-------+---------+---------+-------
        D:1 |      39 |       0 |   0.0 |      20 |       0 |   0.0
        D:2 |      28 |     226 |  89.0 |      10 |       1 |   9.1
        D:3 |     137 |     105 |  43.4 |      27 |      10 |  27.0
        D:4 |      46 |      66 |  58.9 |      12 |       8 |  40.0
        D:5 |     473 |     195 |  29.2 |      15 |       7 |  31.8
        D:6 |     706 |     162 |  18.7 |      11 |       1 |   8.3
        D:7 |     581 |     119 |  17.0 |      23 |       1 |   4.2
        D:8 |    1339 |     434 |  24.5 |      18 |       1 |   5.3
        D:9 |    2021 |       0 |   0.0 |      15 |       0 |   0.0
       D:11 |     807 |       0 |   0.0 |       4 |       0 |   0.0
            +---------+---------+-------+---------+---------+-------

Illustrated notes

Table legend:
 A = Kills in this place as a percentage of kills in entire the game.
 B = Kills by you in this place as a percentage of kills by you in the entire game.
 C = Kills by friends in this place as a percentage of kills by friends in the entire game.
 D = Other kills in this place as a percentage of other kills in the entire game.
 E = Experience gained in this place as a percentage of experience gained in the entire game.
 F = Experience gained in this place divided by the number of levels of this place that you have seen.
                   A       B       C       D       E      F
               +-------+-------+-------+-------+-------+----------------------
         Total | 100.0 | 100.0 |   N/A | 100.0 | 100.0 | 623.7
       Dungeon | 100.0 | 100.0 |   N/A | 100.0 | 100.0 | 680.4
               +-------+-------+-------+-------+-------+----------------------

Table legend: (Time is in decaauts)
 A = Elapsed time spent in this place.
 B = Non-inter-level travel time spent in this place.
 C = Inter-level travel time spent in this place.
 D = Time resting spent in this place.
 E = Time spent auto-exploring this place.
 F = Levels seen in this place.
 G = Mean time per level.
                   A        B        C        D        E       F      G
               +--------+--------+--------+--------+--------+-----+--------+
         Total |  10885 |  10428 |    457 |    517 |   8189 |  12 |  907.1 |
       Dungeon |  10747 |  10298 |    449 |    517 |   8072 |  11 |  977.0 |
        Temple |    138 |    130 |      8 |      0 |    117 |   1 |  138.0 |
               +--------+--------+--------+--------+--------+-----+--------+

Top non-repeatable levels by time:
     D:8: 1839 daAuts
     D:5: 1504 daAuts
     D:3: 1319 daAuts
     D:7: 1261 daAuts
     D:6: 1056 daAuts
     D:1: 987 daAuts
     D:2: 985 daAuts
     D:4: 886 daAuts
     D:9: 735 daAuts
  Temple: 138 daAuts
    D:10: 113 daAuts
    D:11: 56 daAuts
